[Event "4th Tata Steel India Blitz Women 2022"]
[Site "Kolkota"]
[Date "2022.12.04"]
[Round "14.5"]
[White "Muzychuk, Anna"]
[Black "Kiolbasa, Oliwia"]
[Result "1-0"]
[ECO "C69"]
[WhiteElo "2525"]
[BlackElo "2406"]
[Annotator "TA"]
[PlyCount "107"]
[EventDate "2022.11.29"]
[EventType "tourn"]
[EventCountry "IND"]
[SourceTitle "playchess.com"]
[Source "ChessBase"]
[SourceQuality "1"]
[TimeControl "180+2"]

1. e4 e5 2. Nf3 Nc6 3. Bb5 a6 4. Bxc6 dxc6 5. O-O f6 6. d4 exd4 7. Nxd4 c5 8. Ne2 Qxd1 9. Rxd1 Bd7 10. Be3 O-O-O 11. Nbc3 Bd6 12. Bf4 {[%emt 0:00:09] C69: Ruy Lopez: Exchange Variation with 5 0-0 f6.} Bxf4 13. Nxf4 Re8 14. f3 {[%emt 0:00:30] White is slightly better.} Nh6 15. Nh5 {[%emt 0:00:18] White is more active.} Rhg8 {[%emt 0:00:07] [#]} 16. Nd5 $146 ({Predecessor:} 16. Kf2 f5 17. Ng3 fxe4 18. Ncxe4 b6 19. Re1 Nf7 20. h3 Ne5 21. Nd2 a5 22. Re3 {0-1 (44) Asmundsson,I (2299)-Klovans,J (2463) Lignano Sabbiadoro 2005}) 16... f5 17. Ng3 b6 18. Rd2 fxe4 19. Nxe4 Nf5 20. c3 Bc6 21. Kf2 Rgf8 22. Ng3 g5 (22... Nd6 $5 23. b3 Kb7 $11) 23. Re1 Rxe1 24. Kxe1 Bxd5 25. Rxd5 $11 {[%emt 0:00:01][%mdl 4096] Endgame KRN-KRN} Ne3 26. Rxg5 {[%emt 0:00:04] Ne4 is the strong threat.} Nxg2+ 27. Ke2 $1 Nf4+ 28. Ke3 c4 29. Rf5 Rxf5 30. Nxf5 {[%emt 0:00:01] KN-KN} Nd3 31. b4 {[%emt 0:00:04] [#]} cxb3 $1 32. axb3 Nc5 33. b4 Ne6 34. Ne7+ Kd7 35. Nd5 a5 36. bxa5 bxa5 37. Nf6+ Ke7 38. Nd5+ ({White should play} 38. Nxh7 $11 Kf7 39. h4) 38... Kd6 39. Nf6 a4 {[%emt 0:00:05] Threatens to win with ...a3.} (39... h6 $5 ) 40. Kd3 $1 Ke5 (40... Nf8 $15) 41. Nxh7 Kf5 42. h4 a3 {[%emt 0:00:04] ( -> ...a2)} (42... Kg6 $5 43. Ng5 $8 Nxg5 44. hxg5 Kxg5 $11) 43. Kc2 Kf4 (43... Kg6 $5 44. Ng5 $8 Nxg5 45. hxg5 Kxg5 $11) 44. Ng5 Ng7 45. Kb3 Nf5 (45... a2 {simplifies} 46. Kxa2 Nf5 47. Ne6+ Kxf3 48. Nxc7 Nxh4 49. Nb5 Ke4) 46. Ne6+ (46. Kxa3 {simplifies} Nxh4 47. Ne6+ Kxf3 48. Kb4) 46... Kxf3 47. h5 (47. Nxc7 {simplifies} Nxh4 48. Nb5 Nf5 49. Kxa3 Ke4 50. Kb4) 47... c6 $2 (47... Kg4 $11) 48. Ng7 $2 Nh6 (48... Nxg7 49. h6 Nh5 50. h7 $18 (50. Kxa3 Nf6 $11)) ({But not} 48... a2 49. Kxa2 Nh6 50. Ka3 $14) 49. Kxa3 Ke4 50. Kb4 Kd5 51. Ne8 c5+ 52. Kb5 {[%emt 0:00:01] Black must now prevent c4+.} Nf5 (52... c4 $11) 53. Nf6+ (53. c4+ $14 Ke6 54. Kxc5) 53... Ke6 $2 (53... Ke5 $11) 54. Ne4 $2 {Weighted Error Value: White=0.26 (precise) /Black=0.24 (precise)} (54. Ng4 $18 Nd6+ 55. Kxc5 Ne4+ 56. Kd4) 1-0

[Event "4th Tata Steel India Blitz Women 2022"]
[Site "Kolkota"]
[Date "2022.12.04"]
[Round "15.1"]
[White "Kiolbasa, Oliwia"]
[Black "Muzychuk, Mariya"]
[Result "1-0"]
[ECO "B33"]
[WhiteElo "2406"]
[BlackElo "2528"]
[Annotator "TA"]
[PlyCount "49"]
[EventDate "2022.11.29"]
[EventType "tourn"]
[EventCountry "IND"]
[SourceTitle "playchess.com"]
[Source "ChessBase"]
[SourceQuality "1"]
[TimeControl "180+2"]

1. e4 c5 2. Nf3 Nc6 3. Nc3 e6 4. d4 cxd4 5. Nxd4 Nf6 6. Ndb5 d6 7. Bf4 e5 8. Bg5 a6 9. Na3 b5 10. Nd5 Be7 11. Bxf6 Bxf6 12. c4 b4 {[%emt 0:00:05] B33: Sicilian: Pelikan and Sveshnikov Variations.} 13. Nc2 O-O 14. g3 Be6 {[%emt 0:00:06] The position is equal. 14...g6 gains popularity.} 15. Bg2 a5 16. O-O Rb8 17. b3 Bxd5 18. Qxd5 Qb6 19. Rad1 (19. Qxd6 $2 {perishes.} Rfd8 $19) 19... Nd4 20. Nxd4 exd4 {[%emt 0:00:01] [#]} 21. Rd3 $146 ({Predecessor:} 21. Qh5 a4 22. f4 Rfe8 23. g4 d3+ 24. Kh1 Qe3 25. Qd5 Qe2 26. g5 Bc3 27. Qxd3 Qxa2 28. bxa4 {1-0 (41) Omonova,U (2078)-Zavivaeva,E (1745) Mumbai 2019}) 21... Rfc8 {[%emt 0:00:17] [#] Hoping for ...Rc5.} 22. Qf5 a4 23. Rfd1 Ra8 (23... Rc5 $11 {remains equal.} 24. Qf3 Ra5) 24. f4 {[%emt 0:00:06] White is much more active.} (24. e5 $16 dxe5 25. Bxa8 Rxa8 26. Qe4) 24... Ra5 $2 25. Qxc8+ {[%emt 0:00:03] Weighted Error Value: White=0.09 (flawless) /Black=0.62} 1-0

[Event "4th Tata Steel India Blitz Women 2022"]
[Site "Kolkota"]
[Date "2022.12.04"]
[Round "15.2"]
[White "Harika, Dronavalli"]
[Black "Kulkarni Bhakti"]
[Result "0-1"]
[ECO "A00"]
[WhiteElo "2507"]
[BlackElo "2359"]
[Annotator "TA"]
[PlyCount "88"]
[EventDate "2022.11.29"]
[EventType "tourn"]
[EventCountry "IND"]
[SourceTitle "playchess.com"]
[Source "ChessBase"]
[SourceQuality "1"]
[TimeControl "180+2"]

1. g3 Nf6 2. Bg2 d5 3. d3 c6 4. Nd2 h6 5. e4 dxe4 6. dxe4 {[%emt 0:00:01] A00: Irregular Openings.} e5 7. Ngf3 Qc7 8. O-O {[%emt 0:00:03] The position is equal.} Be6 {[%emt 0:00:06] Against Nc4} 9. b3 {[%emt 0:00:05] [#]} Bd6 $146 ({Predecessor:} 9... Nbd7 10. Bb2 Bc5 11. Qe2 b5 12. a4 Rb8 13. Ne1 O-O 14. Nd3 Bb6 15. Nf3 Bg4 {1-0 (67) Nakamura,H (2768)-Maghsoodloo,P (2721) Chess.com INT 2022}) 10. Bb2 O-O 11. Qe2 b5 12. a4 (12. c4 $14) 12... a6 $11 13. Rfd1 Nbd7 14. h3 Nc5 15. axb5 axb5 16. Nh4 g6 {[%emt 0:00:08] Inhibits Nf5.} 17. Nf1 Kh7 18. f4 Nh5 $2 {[%emt 0:00:51] [#]} (18... Rxa1 $11 {and Black has nothing to worry.} 19. Rxa1 Ncd7) 19. f5 $2 (19. Rxa8 $1 $18 Rxa8 20. f5) 19... Bd7 $2 (19... Rxa1 $11 {and Black is okay.} 20. Rxa1 (20. Bxa1 Bc8 $11) 20... Bc8) 20. Bf3 $2 (20. fxg6+ $18 fxg6 21. Rxa8 Rxa8 22. Qd2) 20... Ng7 (20... Rxa1 $11 21. Rxa1 (21. Bxa1 Nf6 $11) 21... Nf6) 21. Ne3 Be7 $2 (21... Rxa1 $16 22. Bxa1 (22. Rxa1 Bc8 $16) 22... Ne8) 22. Ng4 $18 {[%emt 0:00:16] Strongly threatening Qe3.} gxf5 (22... Rxa1 $142 23. Bxa1 (23. Rxa1 h5 $16) 23... Qa7) 23. Nxe5 $2 ({White should try} 23. Bxe5 $18 Qb6 24. exf5 Nxf5 25. Rxa8 Rxa8 26. Kh1) 23... Bxh4 (23... Bf6 $14 24. Rxa8 Rxa8 25. Nxd7 (25. exf5 Re8 $11) 25... Nxd7 26. Bxf6 Nxf6) 24. gxh4 $16 fxe4 $2 (24... Rae8 $16) 25. Bxe4+ $18 f5 26. Rxa8 {[%emt 0:00:07][%cal Oe2g2] [#] Threatening mate with Qg2!} Rxa8 27. Qh5 $4 Nxh5 $19 28. Rxd7+ Nxd7 29. Bxf5+ Kg8 30. Be6+ Kf8 31. Nxd7+ Ke7 32. Bg4 Rd8 (32... Qg3+ $142 33. Kf1 Ra2 34. Ne5 Nf4 35. Nxc6+ Kf8 36. Ne5 Rxb2 37. Ng6+ Nxg6 38. h5 Rb1+ 39. Bd1 Nf4 40. c4 Rxd1#) 33. Ba3+ c5 34. Bxc5+ Kf7 35. Bxh5+ Ke6 $2 (35... Kg8 $19 36. Nf6+ Kh8) 36. Bg4+ $11 Kd5 37. Bf3+ Ke6 {[%emt 0:00:01] ( -> ...Qg3+)} 38. Bg4+ {[%emt 0:00:01] A strong pair of Bishops.} Kf7 $2 (38... Kd5 $11 39. Bf3+ Ke6 40. Bg4+) 39. Bh5+ $19 Kg8 40. Nf6+ Kh8 41. Ne4 Qe5 42. Bb6 Rg8+ {[%emt 0:00:03] Black mates.} 43. Kf2 Qxe4 44. Bg4 Rf8+ {[%emt 0:00:01] Never resign too early!   Weighted Error Value: White=0.84/Black=0.88} 0-1

[Event "4th Tata Steel India Blitz Women 2022"]
[Site "Kolkota"]
[Date "2022.12.04"]
[Round "15.3"]
[White "Ushenina, Anna"]
[Black "Muzychuk, Anna"]
[Result "1/2-1/2"]
[ECO "D85"]
[WhiteElo "2454"]
[BlackElo "2525"]
[Annotator "TA"]
[PlyCount "54"]
[EventDate "2022.11.29"]
[EventType "tourn"]
[EventCountry "IND"]
[SourceTitle "playchess.com"]
[Source "ChessBase"]
[SourceQuality "1"]
[TimeControl "180+2"]

1. d4 Nf6 2. c4 g6 3. Nc3 d5 4. cxd5 Nxd5 5. e4 Nxc3 6. bxc3 Bg7 7. Qa4+ {[%emt 0:00:01] Recently 7.Nf3 got a lot of attention.} Nd7 8. Nf3 O-O 9. Qa3 {[%emt 0:00:15] D85: Exchange Grünfeld: Unusual White 7th moves and lines with 7 Nf3.} e5 10. Bg5 Bf6 11. Bxf6 Qxf6 {[%emt 0:00:02] [#]} 12. Rd1 $146 ({Predecessor:} 12. Bd3 exd4 13. cxd4 c5 14. e5 Qf4 15. O-O cxd4 16. Qe7 Nb6 17. Rfe1 Bf5 18. Bxf5 Qxf5 19. Nxd4 {½-½ (34) Kobo,O (2460)-Paravyan,D (2647) Chess.com INT 2021}) 12... exd4 13. cxd4 c5 14. dxc5 Qe7 15. Be2 Qxc5 16. Qb2 Qa5+ 17. Nd2 Qe5 18. Qxe5 Nxe5 19. Nc4 Nc6 20. Nd6 Be6 21. Nxb7 Bxa2 22. Ra1 {[%emt 0:00:02] Against a5} Be6 (22... Nb4 $1 $15 {should be considered.} 23. O-O a5) 23. O-O Nd4 24. Ba6 Rac8 25. Rfd1 Nb3 26. Ra3 Rc7 27. f4 Nc5 {[%emt 0:00:09] Against f5. A balanced but interesting game.   Weighted Error Value: White=0.09 (flawless) /Black=0.09 (flawless)} 1/2-1/2

[Event "4th Tata Steel India Blitz Women 2022"]
[Site "Kolkota"]
[Date "2022.12.04"]
[Round "15.4"]
[White "Vaishali, Rameshbabu"]
[Black "Savitha Shri B"]
[Result "1-0"]
[ECO "A34"]
[WhiteElo "2454"]
[BlackElo "2411"]
[Annotator "TA"]
[PlyCount "133"]
[EventDate "2022.11.29"]
[EventType "tourn"]
[EventCountry "IND"]
[SourceTitle "playchess.com"]
[Source "ChessBase"]
[SourceQuality "1"]
[TimeControl "180+2"]

1. Nf3 Nf6 2. g3 c5 3. Bg2 Nc6 4. c4 d5 5. cxd5 Nxd5 6. Nc3 Nc7 7. a3 g6 8. b4 cxb4 {[%emt 0:00:16] A34: Symmetrical English: 2 Nc3, lines with ...d5.} 9. axb4 {[%emt 0:00:01] [#] b5 is the strong threat.} Bg7 10. Rb1 Bf5 {[%emt 0:00:37][%cal Og7c3] [#] Prevents b5. Black is slightly better.} 11. Rb3 $146 ({Predecessor:} 11. Rb2 a6 12. O-O O-O 13. Qe1 Qc8 14. d3 Rd8 15. Bd2 Bh3 16. Rb1 Bxg2 17. Kxg2 Ne6 {½-½ (17) Varillas Jimenes,I (2028)-Buganca,L (1853) Tornelo INT 2021}) 11... Be6 12. Rb1 Bf5 {[%emt 0:00:02][%cal Og7c3] Inhibits b5. And now ...Bxc3! would win.} 13. Rb3 O-O 14. O-O Ne6 (14... a6 $142) 15. d3 ({White should try} 15. Nh4 $11) 15... a5 16. bxa5 Nxa5 (16... Nc5 $5 17. Ra3 Rxa5 $11) 17. Ra3 Nc6 18. Rxa8 Qxa8 19. Bd2 Qa3 20. Qc1 Qb3 21. Nh4 (21. Qb1 {is interesting.} Nc5 22. Qa1 Be6 23. Rb1) 21... Ned4 (21... Bg4 $11 {keeps the balance.}) 22. Nxf5 $16 Nxf5 23. Ne4 (23. Qb1 $16 Qa3 24. Nb5 (24. Qxb7 Bxc3 25. Bxc3 Qxc3 $16)) 23... Nfd4 $11 24. Re1 Nc2 {[%emt 0:00:03] Inhibits e3.} (24... Ra8 $11 {remains equal.} 25. Nc3 Qb4) 25. Rd1 $2 (25. Nc5 $16 Qa2 26. Qb1 (26. Nxb7 Nxe1 27. Bxc6 Nc2 $17)) 25... N6d4 $15 26. Bf1 {[%emt 0:00:03] [#]} Rc8 (26... f5 $1 $17 27. Nc3 b5) 27. Qb1 f5 28. Qxb3+ Nxb3 {[%emt 0:00:01] Pair of Knights!} 29. Ng5 Nxd2 30. Rxd2 Bh6 31. h4 b5 {[%emt 0:00:04] Strongly threatening ...b4.} 32. Bg2 Bxg5 (32... e6 $5 33. Bb7 Rc3 $15) 33. Bd5+ Kg7 34. hxg5 $11 {[%emt 0:00:01][%mdl 4096] Endgame KRB-KRN} b4 35. e3 Rc5 {[%emt 0:00:03] White must now prevent ...Nxe3.} 36. Bb3 Na1 (36... Ne1 $11 37. Kf1 Nf3) 37. Rb2 (37. Bc4 $14 b3 38. Rb2) 37... Rc3 38. Bc4 Nc2 39. Kf1 Na3 (39... e5 $14) 40. Rxb4 $16 Nxc4 41. dxc4 {[%emt 0:00:01] KR-KR} ({But not} 41. Rxc4 Rxd3 42. g4 Rd5 $11) 41... Rc2 42. Kg2 (42. Rb7 $16) 42... h6 $1 $14 43. gxh6+ Kxh6 44. Kf3 e5 45. Kg2 e4 46. Ra4 Kg5 47. Kf1 Kf6 48. Ra6+ Kg5 49. Rc6 Kh5 50. Kg2 Kg5 51. Rc7 Rc1 52. c5 Kf6 ({Black should play} 52... Rc2 $11) 53. Rc8 {[%emt 0:00:02] White is more active.} Ke7 54. Rc6 (54. c6 $14) 54... Kf7 55. g4 Rc2 $2 ({Better is} 55... fxg4 $14 56. Rc8 Ke6) 56. g5 $18 Kg7 57. Rc7+ Kf8 58. c6 Ke8 59. Kg3 {[%emt 0:00:03] Hoping for f3.} Kd8 $2 {[%emt 0:00:01] Against f3. This costs Black the game.} (59... Rc1 $16) 60. Rd7+ Ke8 61. Rd6 {[%emt 0:00:02] aiming for Kf4.} Kf7 62. Rf6+ Kg7 63. Re6 Kf7 64. Rd6 Kg7 65. Rd7+ {[%emt 0:00:01] White mates.} Kf8 66. c7 Ke8 67. Rd8+ {[%emt 0:00:01] Weighted Error Value: White=0.25 (precise) /Black=0.38} 1-0

[Event "4th Tata Steel India Blitz Women 2022"]
[Site "Kolkota"]
[Date "2022.12.04"]
[Round "15.5"]
[White "Dzagnidze, Nana"]
[Black "Koneru, Humpy"]
[Result "1-0"]
[ECO "A21"]
[WhiteElo "2517"]
[BlackElo "2574"]
[Annotator "TA"]
[PlyCount "77"]
[EventDate "2022.11.29"]
[EventType "tourn"]
[EventCountry "IND"]
[SourceTitle "playchess.com"]
[Source "ChessBase"]
[SourceQuality "1"]
[TimeControl "180+2"]

1. c4 e5 2. Nc3 d6 3. Nf3 f5 4. d4 e4 5. Ng5 Be7 6. h4 Nf6 {[%emt 0:00:43] A21: English Opening: 1...e5 2 Nc3.} 7. g3 c6 8. d5 h6 {[%emt 0:00:30] Black has an edge.} 9. Nh3 (9. Ne6 Bxe6 10. dxe6 Qc8 $17) 9... Nbd7 10. Nf4 {[%emt 0:00:19] Hoping for Ne6.} Ne5 {[%emt 0:00:02] [#]} 11. b3 $146 ({Predecessor:} 11. Qb3 Qb6 12. Qxb6 axb6 13. b3 Bd7 14. h5 Kf7 15. Bh3 g5 16. hxg6+ Nxg6 17. Nxg6 Kxg6 {1-0 (46) Salem,A (2530)-Somoff,A (2155) Dubai 2013}) 11... Bd7 12. Bb2 Nfg4 13. Bh3 ({Better is} 13. dxc6 $11 bxc6 14. Bh3) 13... Qb6 (13... e3 $1 $15 {keeps the upper hand.} 14. fxe3 Bxh4 $1) 14. O-O (14. Bxg4 $16 Nxg4 15. O-O) 14... O-O-O $2 (14... e3 $1 $11 15. f3 Nf2 16. dxc6 bxc6) 15. Na4 $2 (15. dxc6 $18 bxc6 16. Nfd5 $1 cxd5 17. Nxd5) 15... Qc7 $16 16. Rc1 {[%emt 0:00:02] Black must now prevent Bxg4.} (16. Bxg4 {simplifies} Nxg4 17. Ng6 Rhe8 18. Qd4) 16... c5 17. b4 ({White should try} 17. Bxe5 $14 Nxe5 18. Ne6 Bxe6 19. dxe6) 17... g5 (17... e3 $1 $15 18. Bxe5 (18. f3 Nf2 $15) 18... exf2+ 19. Rxf2 Nxf2 20. Kxf2 dxe5) 18. Ng2 $2 (18. Ne6 $1 $11 Bxe6 19. dxe6) 18... Bf6 (18... Rhg8 $19 19. bxc5 dxc5 20. hxg5 hxg5 21. Bxe5 Nxe5) 19. Bxg4 Nxg4 20. bxc5 $2 (20. Bxf6 $17 Nxf6 21. bxc5) 20... dxc5 $2 (20... Bxa4 $19 {and Black stays clearly on top.} 21. Qxa4 Bxb2) 21. Bxf6 $17 Nxf6 22. Nc3 (22. Rb1 $17 {is a better defense.}) 22... Rhg8 23. h5 (23. e3 {keeps fighting.}) 23... f4 $19 24. Qe1 Bh3 $2 ({Stronger than} 24... Nxh5 25. Nxe4 Rde8 26. Nc3 $19) (24... Kb8 $19 {is more deadly. ...Rde8 is the strong threat.} 25. Qd2 Nxh5 26. Nxe4 Rde8) 25. Nb5 $17 Qb6 26. Rb1 {[%emt 0:00:02] [#]} (26. a4 $17 {only move.}) 26... a6 $1 $19 (26... Nxh5 27. Nc3 Qa6 28. Nxe4 Bxg2 29. Nxc5 $15) 27. Nc3 Qc7 28. Na4 Rd6 (28... Nxh5 $2 {is the wrong capture.} 29. Rb6 $19) 29. Qc3 (29. Rb3 {might work better.}) 29... Nxh5 (29... e3 $19 {aiming for ...Ne4.} 30. Qa3 Ne4 31. fxe3 fxg3) 30. Qe5 (30. Qa3 $17 {is tougher.} e3 31. Nxc5) 30... f3 $2 (30... Bd7 $19 31. Nb2 Re8) 31. exf3 $11 exf3 32. Ne3 Bxf1 (32... Nf6 $5 33. Nf5 Bxf5 34. Qxf5+ Qd7 35. Qxd7+ Nxd7 $11) 33. Nxf1 {[%emt 0:00:02] [#]} (33. Nf5 $11 {and White stays safe.} Rgd8 34. Kxf1) 33... Rdd8 $2 (33... Nf6 $1 $19 {Threatens to win with ...Re8.} 34. Qf5+ Qd7) 34. Qe6+ Kb8 35. Qxa6 Rd6 $2 (35... Rg7 $1 $11 {and Black is okay.}) 36. Nxc5 {[%emt 0:00:03][%cal Rb1b7][%mdl 64] The board is on fire.} Rg7 $2 (36... Rxa6 $18 37. Nxa6+ Kc8 38. Nxc7 Kxc7) 37. Rxb7+ {[%emt 0:00:03][%mdl 64] Overworked Piece} Qxb7 38. Qxd6+ Qc7 39. Na6+ {[%emt 0:00:01] Quite a comeback for White.   Weighted Error Value: White=0.74/Black=1.02} ({Weaker is} 39. Qxh6 Qxc5 40. Qxh5 Rb7 $16) 1-0

[Event "4th Tata Steel India Blitz Women 2022"]
[Site "Kolkota"]
[Date "2022.12.04"]
[Round "16.1"]
[White "Muzychuk, Mariya"]
[Black "Ushenina, Anna"]
[Result "1-0"]
[ECO "B17"]
[WhiteElo "2528"]
[BlackElo "2454"]
[Annotator "TA"]
[PlyCount "59"]
[EventDate "2022.11.29"]
[EventType "tourn"]
[EventCountry "IND"]
[SourceTitle "playchess.com"]
[Source "ChessBase"]
[SourceQuality "1"]
[TimeControl "180+2"]

1. e4 c6 2. d4 d5 3. Nc3 dxe4 4. Nxe4 Nd7 5. Nf3 Ndf6 6. Nxf6+ Nxf6 7. c3 Qc7 {[%emt 0:00:04] B17: Caro-Kann: Modern Line (4...Nd7).} 8. Ne5 {[%emt 0:00:20] [#]} Nd7 $146 (8... Bf5 $14) ({Predecessor:} 8... Be6 9. Bf4 Qb6 10. Bc4 Bxc4 11. Nxc4 Qb5 12. Qe2 e6 13. Bd6 Rd8 14. Bxf8 Kxf8 15. a4 {½-½ (40) Sutovsky,E (2647)-Fedoseev,V (2706) Poikovsky 2018}) 9. Bf4 $16 {[%emt 0:00:05][%cal Oe5g6] White has more active pieces. The black rooks are badly placed.} Nxe5 {[%emt 0:00:04] White is better.} 10. Bxe5 (10. dxe5 $6 g5 11. Be3 Be6 $11) 10... Qb6 11. Qc2 Bg4 {[%emt 0:00:08] [#]} 12. Bd3 $1 e6 13. O-O Bh5 14. Rfe1 {[%emt 0:00:10] Hoping for d5.} Bg6 {[%emt 0:00:05] Inhibits d5.} 15. Bxg6 hxg6 16. Re3 O-O-O ({Better is} 16... Qd8 $14) 17. h3 Rg8 18. Rf3 Rd7 19. b4 {[%emt 0:00:01][%cal Of3f7] Rxf7! is the strong threat.} Qd8 20. a4 f6 21. Bg3 g5 22. Re1 Bd6 23. Rxe6 Bxg3 24. Rxg3 ({Don't do} 24. fxg3 $6 Re8 25. Rfe3 Rde7 $16) 24... Re7 (24... Re8 {is a better defense.} 25. Qf5 Kb8) 25. Rge3 $18 Rxe6 26. Rxe6 Qd5 27. Re7 Rd8 28. Qg6 ({Resist} 28. Rxg7 Qe6 29. Qh7 Rd7 30. Qg8+ Qxg8 31. Rxg8+ Kc7) 28... Qa2 $2 {[%emt 0:00:07] [#]} (28... Rd7 $18 29. Qxg7 (29. Rxg7 Rxg7 30. Qxg7 Qf5 $18) 29... Rxe7 30. Qxe7 Qb3 31. Qxf6 Qxc3 32. Qf5+ Kc7 33. Qxg5 Qxb4 34. Qe5+ Kd7) 29. Qxg7 Qb1+ 30. Kh2 {[%emt 0:00:01] Weighted Error Value: White=0.06 (flawless) /Black=0.49} 1-0

[Event "4th Tata Steel India Blitz Women 2022"]
[Site "Kolkota"]
[Date "2022.12.04"]
[Round "16.2"]
[White "Kulkarni Bhakti"]
[Black "Dzagnidze, Nana"]
[Result "0-1"]
[ECO "D02"]
[WhiteElo "2359"]
[BlackElo "2517"]
[Annotator "TA"]
[PlyCount "72"]
[EventDate "2022.11.29"]
[EventType "tourn"]
[EventCountry "IND"]
[SourceTitle "playchess.com"]
[Source "ChessBase"]
[SourceQuality "1"]
[TimeControl "180+2"]

1. d4 Nf6 2. Nf3 e6 3. c3 b6 4. Bf4 Bb7 5. e3 d5 6. Nbd2 Bd6 7. Ne5 O-O 8. Bd3 c5 9. O-O Nc6 10. Nxc6 Bxc6 11. Bxd6 Qxd6 12. Nf3 {[%emt 0:00:02] [#] D02: 1 d4 d5 2 Nf3 sidelines, including 2...Nf6 3 g3 and 2...Nf6 3 Bf4.} b5 $146 ({Predecessor:} 12... c4 13. Bc2 b5 14. Ne5 a5 15. Qf3 Ra7 16. Qh3 Ne4 17. f3 Ng5 18. Qh5 f6 19. Nxc6 Qxc6 {½-½ (72) Pezerovic,E (2423)-Werle,J (2545) Bad Woerishofen 2016}) 13. Ne5 Rfc8 14. f4 {[%emt 0:00:14] The position is equal.} b4 15. cxb4 cxd4 (15... c4 $11 16. Bc2 Qxb4) 16. b5 (16. exd4 Qxb4 17. Rf2 Ne4 18. Bxe4 dxe4 $15) ({Better is} 16. Ba6 $1 $14 Rcb8 17. Nxc6 Qxc6 18. b5) 16... Be8 $11 17. exd4 Qb4 18. Rf2 (18. a4 $11) 18... Bxb5 19. a3 Qa5 (19... Qa4 {simplifies} 20. Qxa4 Bxa4 21. f5 exf5 22. Bxf5 Rc7) 20. b4 Qb6 {...Ne4 is the strong threat.} 21. Bxb5 Qxb5 22. Rc2 a5 23. bxa5 Rxc2 24. Qxc2 Qxa5 25. a4 Ne4 26. Nc6 Qc7 27. a5 Qxf4 28. Rf1 $2 {[%emt 0:00:12] [#] Loses the game.} (28. Qe2 $11 {and White stays safe.}) 28... Qe3+ $1 $19 29. Kh1 g6 $40 {[%emt 0:00:17][%mdl 128] Black attacks with force.} 30. Qa2 $2 (30. Ne5) 30... Kg7 {[%emt 0:00:06] And now ...Rc8 would win.} 31. a6 Qd3 {[%emt 0:00:03][%cal Rd3f1] Against a7} 32. Rxf7+ (32. Ra1) 32... Kg8 $1 {[%emt 0:00:02] [#] ( -> ...Qd1+)} 33. h3 Rxa6 ({Resist} 33... Kxf7 34. Ne5+ Kf6 35. Nxd3 $18) 34. Qb2 Rxc6 ({Much less strong is} 34... Kxf7 35. Ne5+ Kg7 36. Nxd3 $18) ({Worse is} 34... Qd1+ 35. Kh2 Kxf7 36. Qb7+ Kf6 37. Qxa6 $17) 35. Re7 Rc8 36. Kh2 Qe3 {[%emt 0:00:02] Weighted Error Value: White=0.67/Black=0.14 (very precise)} 0-1

[Event "4th Tata Steel India Blitz Women 2022"]
[Site "Kolkota"]
[Date "2022.12.04"]
[Round "16.3"]
[White "Koneru, Humpy"]
[Black "Vaishali, Rameshbabu"]
[Result "0-1"]
[ECO "D37"]
[WhiteElo "2574"]
[BlackElo "2454"]
[Annotator "TA"]
[PlyCount "66"]
[EventDate "2022.11.29"]
[EventType "tourn"]
[EventCountry "IND"]
[SourceTitle "playchess.com"]
[Source "ChessBase"]
[SourceQuality "1"]
[TimeControl "180+2"]

1. d4 Nf6 2. c4 e6 3. Nf3 d5 4. Nc3 h6 5. e3 Be7 6. b3 {[%emt 0:00:09] D37: Queen's Gambit Declined: 5 Bf4.} b6 7. Bb2 Bb7 {[%emt 0:00:02] [#]} 8. cxd5 $146 {[%emt 0:00:41] White is slightly better.} ({Predecessor:} 8. Bd3 Nbd7 9. O-O O-O 10. Qe2 Ne4 11. Rac1 f5 12. cxd5 exd5 13. Ba6 Bxa6 14. Qxa6 {1-0 (31) Kuljasevic,D (2562)-Petrov,J (2403) Mali Losinj 2021}) 8... exd5 9. Bb5+ Nbd7 (9... c6 $11 {keeps the balance.} 10. Bd3 Nbd7) 10. Ne5 $16 O-O 11. Bc6 $1 Bxc6 12. Nxc6 Qe8 13. Qf3 Bd6 14. Nxd5 Nxd5 15. Qxd5 Nf6 16. Qf3 Ne4 17. Rc1 a5 (17... f5 $142) 18. Rc2 (18. Qf5 $142 $1) 18... a4 ({Better is} 18... Bb4+ 19. Kd1 Bd6) 19. O-O (19. b4 $16) 19... axb3 $14 20. axb3 Qe6 21. Rfc1 Ng5 {[%emt 0:00:05] Prevents b4.} 22. Qe2 Qxb3 23. h4 (23. e4 $14) 23... Ne6 (23... Ne4 $11) 24. d5 (24. Rc3 $14 Qa2 25. g3) 24... Nc5 (24... Qxd5 $15 25. Rd2 Qb3) 25. e4 (25. Qg4 $14 {is superior.} g6 26. Qd4) 25... Rae8 $2 {[%emt 0:00:03] [#]} (25... Rfe8 $11 26. Qg4 Bf8) 26. Nd4 $2 (26. Qg4 $1 $18 f6 27. Nd4) 26... Qa4 ({Black should play} 26... Qd3 $1 $15 27. f3 Qxe2 28. Rxe2 f5) 27. Rc4 $11 ({Much weaker is} 27. f3 f5 28. Ra1 (28. Nxf5 $2 Rxf5 29. Qc4 Qxc4 $19) 28... Qd7 $17) 27... Qd7 (27... Rxe4 {simplifies} 28. Qxe4 Qxc4 29. Rxc4 Nxe4 30. Nf5 Nf6) 28. f3 {[%emt 0:00:02] [#]} (28. Nc6 $11) 28... f5 $1 $19 29. Ba3 $2 {[%emt 0:00:05][%mdl 8192] This costs White the game.} (29. Nxf5 $2 {too greedy.} Rxf5 30. Qd1 Rf7 $19) (29. Ne6 $17 {is tougher.} Nxe6 30. dxe6 Qxe6 31. e5) 29... fxe4 30. fxe4 (30. Qc2 $142 Bf4 31. Ne6 Be3+ 32. Kh1 Bxc1 33. Bxc1) 30... Rxe4 31. Qc2 Rxh4 (31... Qg4 $142 {( -> ...Qg3)} 32. Nf5 Rxf5 33. Rxe4 Nxe4 34. Bxd6 Nxd6) 32. Nc6 (32. Nf3 $19 Rh5 33. Re1) 32... Bh2+ 33. Kh1 Bf4+ {[%emt 0:00:01] Weighted Error Value: White=0.86/Black=0.46} 0-1